 Dungeon Crawl Stone Soup version 0.31.0-1-g2c135a008e (webtiles) character file.

Game seed: 11972963668030903132

373 qw the Shooter (level 7, 0/51 HPs)
             Began as a Djinni Hunter on Jan 24, 2024.
             Incinerated by a bombardier beetle (1 damage)
             ... with a burning spray
             ... on level 4 of the Dungeon.
             The game lasted 00:00:10 (2721 turns).

qw the Shooter (Djinni Hunter)                      Turns: 2721, Time: 00:00:10

Health: 0/51       AC:  5    Str: 10    XL:     7   Next: 2%
Gold:   81         EV: 11    Int: 11    God:
                   SH:  0    Dex: 18

rFire   + + .        a - +0 shortbow
rCold   x . .        (shield currently unavailable)
rNeg    . . .        g - +0 ring mail
rPois   inf          (no helmet)
rElec   .            (no cloak)
rCorr   .            (no gloves)
SInv    .            (boots unavailable)
Will    .....        (no amulet)
Stlth   +            (no ring)
HPRegen 0.28/turn    (no ring)
MPRegen 0.00/turn

%: infuse magic (-1 HP)
@: on fire, flying, glowing
A: sickness immunity, fire resistance 2, cold vulnerability 1, float, innate
caster, HP casting, extra vitality 1
a: no special abilities


You were on level 4 of the Dungeon.
You visited 1 branch of the dungeon, and saw 4 of its levels.

You collected 207 gold pieces.
You spent 126 gold pieces at shops.


Innate Abilities, Weirdness & Mutations

You are immune to sickness and miasma.
You are immune to poison.
Your flesh is very heat resistant. (rF++)
You are vulnerable to cold. (rC-)
You float through the air rather than walking.
You learn spells naturally, not from books.
Your magical power is your life essence.
You have superior vitality. (+4 MHP)


   Skills:
 + Level 3.6 Fighting
 - Level 5.4 Ranged Weapons
 - Level 1.0 Armour
 - Level 3.2 Dodging
 - Level 0.7 Stealth


You knew the following spells:

 Your Spells              Type           Power      Damage    Failure   Level
a - Apportation           Tloc           0%         N/A       65%         1
b - Scorch                Fire           0%         2d5       80%         2
c - Tukima's Dance        Hex            0%         N/A       95%         3
Your spell library was empty.

Inventory:

Hand Weapons
 a - a +0 shortbow (weapon)
Armour
 g - a +0 ring mail (worn)
Jewellery
 b - a ring of fire
Wands
 l - a wand of iceblast (3)
Scrolls
 j - a scroll of teleportation
Potions
 f - a potion of cancellation
 i - a potion of might
 k - a potion of heal wounds

Dungeon Overview and Level Annotations

Branches:
Dungeon (4/15)
 Temple: D:4-7

Altars:
Nemelex Xobeh
Wu Jian

Shops:
D:2 *   D:3 *


Message History

The liquid fire burns you!
You are on fire!
The liquid fire burns you!
You are on fire!
The liquid fire burns you!
You are on fire!
The liquid fire burns you!
You are on fire!
The liquid fire burns you!
You are on fire!
The liquid fire burns you!
You are on fire!
The liquid fire burns you!
You are on fire!
The liquid fire burns you!
You are on fire!
The liquid fire burns you!
You are on fire!
The liquid fire burns you!
You are on fire!
The liquid fire burns you!
You are on fire!
The liquid fire burns you!
You are on fire!
The liquid fire burns you!
You are on fire!
The liquid fire burns you!
You are on fire!
The liquid fire burns you!
You are on fire!
The liquid fire burns you!
You are on fire!
The liquid fire burns you!
You are on fire!
The liquid fire burns you!
You are on fire!
The liquid fire burns you!
You are on fire!
The liquid fire burns you!
You die...

... .#
####..#######...
# ..<............
..##...........##
................#
#..............[
#.....<.........
#...............
#.......@%......
#...............
##........(....#
........#..#####
.##########.. ?..
.... ...#.


There were no monsters in sight!

Vanquished Creatures
  Sigmund (D:3)
  A bombardier beetle (D:4)
  An iguana (D:4)
  Terence (D:2)
  5 adders (D:2)
  3 dart slugs
  6 ball pythons
  4 bats
  6 endoplasms
  3 giant cockroaches
  7 goblins
  7 hobgoblins
  3 jackals (D:1)
  5 kobolds
  5 quokkas
  3 frilled lizards (D:1)
  3 rats
64 creatures vanquished.

Notes
Turn   | Place    | Note
-------+----------+-------------------------------------------
     0 | D:1      | qw the Djinni Hunter began the quest for the Orb.
     0 | D:1      | Reached XP level 1. HP: 18/18 MP: 0/0
     0 | D:1      | 0 ||| qw: Version: 0.3-a-136-gdd3b4e8
     0 | D:1      | 0 ||| qw: Game counter: 1353
     0 | D:1      | 0 ||| qw: Melee chars always use a shield: true
     0 | D:1      | 0 ||| qw: God list: Okawaru
     0 | D:1      | 0 ||| qw: Allow faded altars: false
     0 | D:1      | 0 ||| qw: Do Orc after clearing Dungeon:15 true
     0 | D:1      | 0 ||| qw: Do second Lair branch before Depths: true
     0 | D:1      | 0 ||| qw: Lair rune preference: random
     0 | D:1      | 0 ||| qw: Goals: Normal
     0 | D:1      | 0 ||| PLANNING D:1-11
    99 | D:1      | Reached XP level 2. HP: 23/23 MP: 0/0
   395 | D:1      | Reached skill level 4 in Ranged Weapons
   395 | D:1      | Reached XP level 3. HP: 28/28 MP: 0/0
   395 | D:1      | Learned a level 1 spell: Apportation
   718 | D:1      | 718 ||| READING scroll labelled OZXE ZOACAQOE.
   722 | D:1      | 722 ||| READING scroll labelled VULARU LEFIKAH.
   823 | D:1      | 823 ||| READING scroll labelled FYONORALAG.
   823 | D:1      | 823 ||| IDENTIFYING brown potion
   824 | D:1      | 824 ||| READING 3 scrolls labelled HOESI YFEKU.
   825 | D:1      | 825 ||| DRINKING 2 gluggy clear potions.
   826 | D:1      | 826 ||| DROPPING scroll of butterflies.
   827 | D:1      | 827 ||| DROPPING potion of lignification.
   828 | D:1      | 828 ||| DROPPING 2 scrolls of noise.
   845 | D:2      | Found a sparkling altar of Nemelex Xobeh.
  1024 | D:2      | Reached XP level 4. HP: 34/34 MP: 0/0
  1049 | D:2      | Reached skill level 3 in Fighting
  1072 | D:2      | Noticed Terence
  1079 | D:2      | Killed Terence
  1080 | D:2      | Reached skill level 3 in Dodging
  1163 | D:2      | Reached XP level 5. HP: 40/40 MP: 0/0
  1163 | D:2      | Learned a level 2 spell: Scorch
  1289 | D:2      | Found a faded altar of an unknown god.
  1415 | D:2      | Found Osab's Assorted Antiques.
  1418 | D:2      | 1418 ||| BUYING scroll labelled OQITIO ZIECE (25 gold).
  1418 | D:2      | Bought a scroll labelled OQITIO ZIECE for 25 gold pieces
  1418 | D:2      | 1418 ||| SHOPLISTING scroll of teleportation (75 gold, have
                  | 51).
  1418 | D:2      | 1418 ||| SHOPLISTING shiny silver wand (100 gold, have 51).
  1418 | D:2      | 1418 ||| SHOPLISTING tapered lead wand (100 gold, have 51).
  1418 | D:2      | 1418 ||| BUYING yellow potion (22 gold).
  1418 | D:2      | Bought a yellow potion for 22 gold pieces
  1868 | D:2      | 1868 ||| READING scroll labelled VIMYXT YR ISCHY.
  1869 | D:2      | 1869 ||| READING scroll labelled OQITIO ZIECE.
  2098 | D:3      | Noticed Sigmund
  2106 | D:3      | Killed Sigmund
  2107 | D:3      | Reached skill level 5 in Ranged Weapons
  2107 | D:3      | Reached XP level 6. HP: 31/46 MP: 0/0
  2219 | D:3      | Found an ornate altar of the Wu Jian Council.
  2401 | D:3      | Found Kaqugeze's General Store.
  2410 | D:3      | 2410 ||| BUYING wand of iceblast (3) (79 gold).
  2410 | D:3      | Bought a wand of iceblast (3) for 79 gold pieces
  2649 | D:3      | 2649 ||| UPGRADING to +0 ring mail.
  2659 | D:3      | 2659 ||| DROPPING +0 leather armour.
  2660 | D:3      | 2660 ||| READING 2 scrolls of identify.
  2660 | D:3      | 2660 ||| IDENTIFYING yellow potion
  2661 | D:3      | 2661 ||| READING scroll of identify.
  2661 | D:3      | 2661 ||| IDENTIFYING viscous clear potion
  2662 | D:3      | 2662 ||| READING scroll labelled DEALAG WIZA.
  2662 | D:3      | 2662 ||| ENCHANTING +0 shortbow.
  2663 | D:3      | 2663 ||| DRINKING 2 sapphire potions.
  2664 | D:3      | 2664 ||| DROPPING potion of attraction.
  2693 | D:4      | Reached skill level 1 in Armour
  2698 | D:4      | Reached XP level 7. HP: 19/51 MP: 0/0
  2698 | D:4      | Learned a level 3 spell: Tukima's Dance
  2704 | D:4      | HP: 12/51 [burnt (1)]
  2709 | D:4      | HP: 8/51 [burnt (1)]
  2715 | D:4      | HP: 4/51 [burnt (1)]
  2719 | D:4      | HP: 1/51 [burnt (1)]
  2721 | D:4      | Incinerated by a bombardier beetle

Levels and vault maps discovered:
D:1:      mushboom_english_gardens, layout_loops_ring, kennysheep_nondescript
D:2:      layout_basic, ebering_ecumenical_altar_mist, basic_altar,
          serial_shops, nicolae_shop_behind_doors, dk_noncrumbling_2,
          dk_noncrumbling_3, uniq_terence
D:3:      layout_loops_ring, lemuel_coloured_pillars_altar, serial_shops,
          nicolae_lakefront_shop, minmay_bisected, uniq_sigmund
D:4:      layout_rooms, hellmonk_okawaru_the_only_friend_you_need,
          columned_hall_lemuel, serial_bayou_pond_a, grunt_tough_drop,
          uniq_crazy_yiuf_cottage

Skill      XL: |  1  2  3  4  5  6 |
---------------+-------------------+-----
Ranged Weapons | 4 5 |  5.4
Fighting       | 3 |  3.6
Dodging        | 3 |  3.2
Armour         | 1 |  1.0
Stealth        | |  0.7

Action                     |  1- 3 |  4- 6 |  7- 9 || total
---------------------------+-------+-------+-------++-------
   Fire: Shortbow          |    90 |   129 |       ||   219
    Use: Scroll            |     4 |     5 |       ||     9
         Potion            |     1 |     1 |       ||     2
 Armour: Leather armour    |    23 |    33 |       ||    56
         Ring mail         |       |    10 |       ||    10
  Dodge: Dodged            |    32 |    34 |       ||    66

Table legend:
 A = Non-vault XP
 B = Vault XP
 C = Vault XP percentage of total XP
 D = Non-vault monster count
 E = Vault monster count
 F = Vault count percentage of total count
                 A         B        C        D         E       F
            +---------+---------+-------+---------+---------+-------
      Total |     251 |     282 |  52.9 |      58 |       6 |   9.4
            +---------+---------+-------+---------+---------+-------
        D:1 |      47 |       0 |   0.0 |      24 |       0 |   0.0
        D:2 |      96 |      36 |  27.3 |      24 |       1 |   4.0
        D:3 |      15 |     246 |  94.3 |       8 |       5 |  38.5
        D:4 |      93 |       0 |   0.0 |       2 |       0 |   0.0
            +---------+---------+-------+---------+---------+-------
